 Dungeon Crawl Stone Soup version 0.31.0-12-g77e489cdc1 (webtiles) character file.

Game seed: 3798335461129053581

60207 Athor the Spry (level 14, -4/89 HPs)
             Began as a Felid Fighter on Feb 21, 2024.
             Was the Champion of Wu Jian.
             Slain by an anaconda (19 damage)
             ... on level 1 of the Snake Pit.
             The game lasted 00:37:51 (19852 turns).

Athor the Spry (Felid Fighter)                     Turns: 19852, Time: 00:37:52

Health: -4/89      AC:  3    Str: 16    XL:     14   Next: 56%
Magic:  15/15      EV: 28    Int: 14    God:    Wu Jian [******]
Gold:   1345       SH:  0    Dex: 15    Spells: 4/13 levels left
                                        Lives:  0   Deaths: 5

rFire   . .          .
                       - Unarmed
rCold   + . .        (shield unavailable)
rNeg    . . .        (body armour unavailable)
rPois   +            (helmet unavailable)
rElec   .            (cloak unavailable)
rCorr   .            (gloves unavailable)
SInv    +            (boots unavailable)
Will    ++...        C - amulet of regeneration
Stlth   +++          r - ring of poison resistance
HPRegen 1.14/turn    B - +4 ring of slaying
MPRegen 0.14/turn

%: no passive effects
@: about to teleport, flux-form, marked, glowing, constricted
A: glow, contaminating, very small, claws 1, fangs 3, see invisible, shaggy fur
3, stealthy paws, no weapons or thrown items, no armour, multi-lived, robust 1
a: Begin Untransformation, Renounce Religion, Wall Jump, Serpent's Lash,
Heavenly Storm


You were on level 1 of the Snake Pit.
You worshipped Wu Jian.
Wu Jian was exalted by your worship.
You were something dangerously unstable.
You visited 3 branches of the dungeon, and saw 17 of its levels.
You also visited: Sewer.

You collected 1345 gold pieces.

Inventory:

Jewellery
 h - an amulet of the acrobat
 r - a ring of poison resistance (left paw)
 B - a +4 ring of slaying (right paw)
 C - an amulet of regeneration (around neck)
 E - a ring of flight
 L - the ring "Omahyem" {Wiz rElec Will+ MP+9 Dex+2}
   (You acquired it on level 4 of the Lair of Beasts)

   [ring of wizardry]

   Wiz:       It improves your spell success rate.
   Dex+2:     It affects your dexterity (+2).
   rElec:     It insulates you from electricity.
   Will+:     It increases your willpower.
   MP+9:      It affects your magic capacity (+9).
 Q - a ring of positive energy
Talismans
 p - a flux talisman (active)
 q - a beast talisman
 s - a storm talisman
 t - a talisman of death
 I - a serpent talisman
 O - a granite talisman
 S - a maw talisman
Wands
 k - a wand of flame (34)
 w - a wand of charming (24)
 z - a wand of digging (3)
 G - a wand of quicksilver (16)
 N - a wand of iceblast (9)
Scrolls
 e - 3 scrolls of noise
 f - 3 scrolls of butterflies
 i - 2 scrolls of fear
 l - 4 scrolls of teleportation
 n - 6 scrolls of revelation
 u - 2 scrolls of poison
 v - 3 scrolls of amnesia
 y - 2 scrolls of vulnerability
 A - 2 scrolls of blinking
 F - 2 scrolls of silence
 H - 5 scrolls of immolation
 T - 2 scrolls of enchant weapon
 U - a scroll of torment
Potions
 a - 4 potions of might
 b - 5 potions of brilliance
 c - 5 potions of enlightenment
 d - 8 potions of curing
 g - 3 potions of mutation
 j - 4 potions of attraction
 m - 3 potions of resistance
 o - 4 potions of heal wounds
 x - 3 potions of haste
 D - 2 potions of magic
 J - a potion of berserk rage
 M - a potion of cancellation {unknown}
 P - a potion of invisibility {unknown}


   Skills:
 + Level 12.5 Fighting
 + Level 15.9 Dodging
 + Level 15.7 Stealth
 + Level 12.8 Unarmed Combat
 + Level 9.6 Shapeshifting


You had 4 spell levels left.
You knew the following spells:

 Your Spells              Type           Power      Damage    Failure   Level
a - Shock                 Conj/Air       0%         1d3       28%         1
b - Blink                 Tloc           0%         N/A       41%         2
c - Lesser Beckoning      Tloc           0%         N/A       41%         2
d - Slow                  Hex            0%         N/A       28%         1
e - Confusing Touch       Hex            0%         N/A       65%         3

Your spell library contained the following spells:

 Spells                   Type           Power      Damage    Failure   Level
 Magic Dart               Conj           0%         1d3       28%         1
 Necrotise                Necr           0%         1d4       28%         1
 Call Imp                 Summ           0%         N/A       41%         2
 Ensorcelled Hibernation  Hex/Ice        0%         N/A       41%         2
 Momentum Strike          Conj/Tloc      0%         3d8       41%         2
 Scorch                   Fire           0%         2d5       41%         2
 Inner Flame              Hex/Fire       0%         N/A       65%         3
 Passwall                 Erth           0%         N/A       65%         3
 Sigil of Binding         Hex            0%         N/A       65%         3
 Summon Ice Beast         Ice/Summ       0%         N/A       65%         3
 Swiftness                Air            0%         N/A       65%         3
 Tukima's Dance           Hex            0%         N/A       65%         3
 Vampiric Draining        Necr           0%         2d6       65%         3
 Flame Wave               Conj/Fire      0%         2d4       96%         4
 Leda's Liquefaction      Alch/Erth      0%         N/A       96%         4
 Martyr's Knell           Necr/Summ      0%         N/A       96%         4
 Passage of Golubria      Tloc           0%         N/A       96%         4
 Summon Blazeheart Golem  Fire/Summ      0%         N/A       96%         4
 Alistair's Intoxication  Alch           0%         N/A       100%        5
 Curse of Agony           Necr           0%         N/A       100%        5
 Irradiate                Conj/Alch      0%         3d11      100%        5
 Summon Mana Viper        Hex/Summ       0%         N/A       100%        5
 Yara's Violent Unravell  Hex/Alch       0%         3d3       100%        5
 Sculpt Simulacrum        Ice/Alch       0%         N/A       100%        6
 Summon Cactus Giant      Summ           0%         N/A       100%        6
 Monstrous Menagerie      Summ           0%         N/A       100%        7
 Orb of Destruction       Conj           0%         9d5       100%        7
 Ozocubu's Refrigeration  Ice            0%         4d7       100%        7
 Spellforged Servitor     Conj/Summ      0%         N/A       100%        7
 Ignition                 Fire           0%         3d3       100%        8
 Polar Vortex             Ice            0%         N/A       100%        9


Dungeon Overview and Level Annotations

Branches:
Dungeon (11/15)            Temple (0/1) D:6            Lair (5/5) D:8
 Shoals (0/4) Lair:3        Snake (1/4) Lair:2        Slime (0/5) Lair:4
  Sewer (visited)
    Orc: D:9-12

Altars:
Ashenzari
Cheibriados
Dithmenos
Elyvilon
Makhleb
Qazlal
Ru
Uskayaw
Wu Jian
Yredelemnul
Zin

Shops:
D:10 :

Annotations:
D:9 Gastronok
Snake:1 Aizul


Innate Abilities, Weirdness & Mutations

You are something dangerously unstable.
You glow with magical radiation, making you easy to see and hit.
Foes you strike become dangerously contaminated with magical radiation.
You have sharp claws.
You have razor-sharp teeth.
You have supernaturally acute eyesight. (SInv)
Your thick and shaggy fur keeps you warm. (AC +3, rC+)
Your paws help you pounce on unaware monsters.
You are incapable of wielding weapons or throwing items.
You cannot wear armour.
You gain extra lives every three experience levels.
You are robust. (+10% HP)


Message History

The anaconda's grasp on you weakens, but your attempt to escape fails.
The anaconda completely misses you. The anaconda constricts you.
Unknown command.
The anaconda's grasp on you weakens, but your attempt to escape fails.
The anaconda closely misses you. The anaconda constricts you.
The black mamba completely misses you. The anaconda barely misses you.
The anaconda constricts you. The black mamba completely misses you.
You escape the anaconda's grasp.
The anaconda attacks as it pursues you! The anaconda misses you.
The anaconda barely misses you.
You spin and attack the anaconda.
You claw the anaconda!
The anaconda begins to glow.
You bite the anaconda.
The anaconda is moderately wounded.
The anaconda misses you. x2
The anaconda attacks as it pursues you! The anaconda completely misses you.
The anaconda bites you. The anaconda barely misses you.
The anaconda misses you.
A black mamba comes into view.
The black mamba attacks as it pursues you!
The black mamba bites you!
* * * LOW HITPOINT WARNING * * *
The black mamba completely misses you. The anaconda misses you.
The anaconda completely misses you.
You see here a potion of curing.
d - 8 potions of curing (gained 1)
The anaconda closely misses you. The anaconda misses you.
The black mamba bites you but does no damage.
The black mamba completely misses you. The anaconda grabs you.
The anaconda bites you but does no damage.
The anaconda constricts you.
* * * LOW HITPOINT WARNING * * *
As you read the scroll of teleportation, it crumbles to dust.
You feel strangely unstable.
The anaconda stops glowing.
The black mamba closely misses you. The anaconda completely misses you.
The anaconda constricts you.
* * * LOW HITPOINT WARNING * * *
The black mamba completely misses you.
The black mamba bites you but does no damage.
The anaconda's grasp on you weakens, but your attempt to escape fails.
The anaconda bites you!!
You die...

#....# ...
#....# . #....#
. #....# ..
#....## ...
#.....# ....
#.....####.....
##....S........
#....SpS......
#.............
#.............
#.............
#.............
#..............
##.............
##............


You could see an anaconda and 2 black mambas.

Vanquished Creatures
  Erolcha (D:11)
  4 two-headed ogres
  Erica (D:8)
  3 catoblepae (Lair:5)
  9 death yaks
  3 skysharks
  An orc knight (D:9)
  A salamander (Lair:2)
  4 cyclopes (D:9)
  A manticore (Lair:5)
  7 black mambas
  A merfolk siren (Lair:3)
  19 elephants
  A gargoyle (D:11)
  An unseen horror (D:11)
  8 cane toads
  2 torpor snails
  3 kobold demonologists (D:9)
  13 komodo dragons
  4 rime drakes
  4 trolls
  3 polar bears
  21 blink frogs
  17 dream sheep
  Sigmund (D:2)
  A shadow (D:10)
  42 yaks
  2 spriggans (Lair:4)
  6 wyverns
  3 basilisks
  6 wargs (D:9)
  4 vampire mosquitoes (D:10)
  2 steam dragons
  A naga (Lair:2)
  An acid dragon (D:8)
  A hell hound (D:9)
  9 orc warriors
  14 water moccasins
  5 ice beasts (D:8)
  5 black bears
  3 ogres
  22 wolves
  4 centaurs
  3 phantoms
  10 kobold brigands
  A wyvern zombie (D:6)
  2 gnoll sergeants (D:9)
  A scorpion (D:5)
  7 bullfrogs
  3 water moccasin zombies (D:6)
  3 killer bees (D:10)
  8 howler monkeys
  2 electric eels (D:10)
  5 bullfrog zombies (D:6)
  3 centaur zombies (D:6)
  A quasit (Sewer)
  11 orc priests
  A centaur skeleton (D:6)
  3 gnoll boudas (D:9)
  4 hounds
  Jessica (D:2)
  7 iguanas
  15 orc wizards
  Ijyb (D:5)
  Natasha (thrice) (D:2)
  3 killer bee zombies (D:6)
  Robin (D:2)
  6 gnolls
  10 adders
  2 shadow imps
  An ufetubus (Sewer)
  5 dart slugs
  3 ribbon worms
  29 orcs
  7 bats
  A bat zombie (Sewer)
  9 endoplasms
  2 giant cockroaches
  18 goblins
  4 hobgoblins
  13 jackals
  5 quokkas
  9 ball pythons
  A frilled lizard (D:2)
  34 kobolds
  5 rats
  A butterfly (D:6)
528 creatures vanquished.

Vanquished Creatures (collateral kills)
  An orc warrior (D:8)
  An orc (D:8)
2 creatures vanquished.

Vanquished Creatures (others)
  A warg (D:9)
  A bat zombie (Sewer)
  A quokka (D:10)
  A kobold zombie (Sewer)
4 creatures vanquished.

Grand Total: 534 creatures vanquished

Notes
Turn   | Place    | Note
-------+----------+-------------------------------------------
     0 | D:1      | Athor the Felid Fighter began the quest for the Orb.
     0 | D:1      | Reached XP level 1. HP: 12/12 MP: 2/2
   106 | D:1      | Reached XP level 2. HP: 9/16 MP: 3/3
   487 | D:1      | Reached XP level 3. HP: 18/20 MP: 4/4
  1168 | D:2      | Noticed Sigmund
  1231 | D:2      | Noticed Robin
  1535 | D:2      | Identified the +1 leather armour of Pezxaist {Int+4}
  1679 | D:2      | Reached XP level 4. HP: 25/25 MP: 5/5
  1679 | D:2      | Gained a life (2 lives remaining)
  1821 | D:2      | Slain by a goblin
  1821 | D:2      | Lost a life (1 life remaining)
  1898 | D:2      | Killed Sigmund
  1899 | D:2      | Reached skill level 5 in Dodging
  1899 | D:2      | Reached skill level 5 in Unarmed Combat
  1899 | D:2      | Reached XP level 5. HP: 9/30 MP: 6/6
  2012 | D:2      | Noticed Natasha
  2045 | D:2      | Killed from afar by Natasha
  2045 | D:2      | Lost a life (0 lives remaining)
  2055 | D:2      | Killed Natasha
  2133 | D:2      | Found a faded altar of an unknown god.
  2141 | D:2      | Got Plato's Book of Feathers
  2142 | D:2      | Prayed at the altar of an unknown god.
  2142 | D:2      | Became a worshipper of the Wu Jian Council
  2142 | D:2      | Reached * piety under Wu Jian
  2169 | D:2      | Gained mutation: You are covered in thick fur. (AC +2)
                  | [Felid growth]
  2169 | D:2      | Reached XP level 6. HP: 24/34 MP: 7/7
  2275 | D:2      | Noticed Natasha
  2283 | D:2      | Killed Natasha
  2363 | D:2      | Noticed Natasha
  2372 | D:2      | Killed Natasha
  2418 | D:2      | Killed Robin
  2420 | D:2      | Noticed Jessica
  2427 | D:2      | Killed Jessica
  2600 | D:3      | Reached skill level 5 in Fighting
  2603 | D:3      | Reached ** piety under Wu Jian
  3261 | D:3      | Found a shadowy altar of Dithmenos.
  3561 | D:4      | Reached XP level 7. HP: 39/39 MP: 8/8
  3561 | D:4      | Gained a life (1 life remaining)
  3564 | D:4      | Reached skill level 1 in Stealth
  3800 | D:4      | Found the +7 Spriggan's Knife {stab, EV+4 Stlth+}
  4244 | D:4      | Reached skill level 1 in Shapeshifting
  4389 | D:5      | Entered Level 5 of the Dungeon
  4644 | D:5      | Found a burning altar of Makhleb.
  4672 | D:5      | Noticed Ijyb
  4709 | D:5      | Learned a level 1 spell: Shock
  4716 | D:5      | Learned a level 2 spell: Blink
  4719 | D:5      | Learned a level 2 spell: Lesser Beckoning
  4768 | D:5      | Killed Ijyb
  4968 | D:5      | Reached XP level 8. HP: 44/44 MP: 9/9
  5196 | D:6      | Reached *** piety under Wu Jian
  5375 | D:6      | Found a glowing drain.
  5379 | Sewer    | Entered a sewer
  5495 | Sewer    | Found a burning altar of Makhleb.
  5866 | D:6      | Found a staircase to the Ecumenical Temple.
  6080 | D:6      | Reached skill level 5 in Stealth
  6341 | D:6      | Reached **** piety under Wu Jian
  6342 | D:6      | Reached XP level 9. HP: 49/49 MP: 10/10
  6824 | D:7      | Found a basalt altar of Yredelemnul.
  7963 | D:8      | Noticed a rime drake
  7986 | D:8      | Noticed a polar bear
  7989 | D:8      | Gained mutation: You are robust. (+10% HP) [potion of
                  | mutation]
  8003 | D:8      | HP: 2/55 [orc/+0 flail (5)]
  8044 | D:8      | Found a sacrificial altar of Ru.
  8244 | D:8      | Found a stormy altar of Qazlal.
  8288 | D:8      | Slain by an acid dragon
  8288 | D:8      | Lost a life (0 lives remaining)
  8341 | D:8      | Reached skill level 10 in Dodging
  8341 | D:8      | Reached XP level 10. HP: 61/61 MP: 11/11
  8341 | D:8      | Gained a life (1 life remaining)
  8407 | D:8      | Found a staircase to the Lair.
  8412 | D:8      | Reached ***** piety under Wu Jian
  8467 | D:8      | Noticed Erica
  8480 | D:8      | Killed Erica
  9197 | D:9      | Reached skill level 5 in Shapeshifting
  9918 | D:9      | Noticed Gastronok
 10024 | D:9      | Learned a level 1 spell: Slow
 10028 | D:9      | Learned a level 3 spell: Confusing Touch
 10352 | D:9      | Noticed a cyclops
 10622 | D:9      | Killed a cyclops
 10623 | D:9      | Reached XP level 11. HP: 66/66 MP: 12/12
 10643 | D:9      | Noticed a two-headed ogre
 10662 | D:9      | Killed a two-headed ogre
 10686 | D:9      | Noticed a soul eater
 10931 | D:9      | Reached skill level 10 in Stealth
 11125 | D:9      | Noticed a two-headed ogre
 11133 | D:9      | Killed a two-headed ogre
 11524 | D:9      | Slain by a troll
 11524 | D:9      | Lost a life (0 lives remaining)
 11858 | D:9      | Noticed an orc knight
 11864 | D:9      | Killed an orc knight
 12011 | D:10     | Entered Level 10 of the Dungeon
 12014 | D:10     | Found a white marble altar of Elyvilon.
 12033 | D:10     | Reached skill level 10 in Unarmed Combat
 12156 | D:10     | Found a glowing silver altar of Zin.
 12170 | D:10     | Found Vienuil's Self-Published Books.
 12221 | D:10     | Noticed a two-headed ogre
 12232 | D:10     | Killed a two-headed ogre
 12307 | D:10     | Found an ornate altar of the Wu Jian Council.
 12370 | D:10     | Found a broken altar of Ashenzari.
 12533 | D:10     | Noticed a +0 short sword
 12533 | D:10     | Noticed a +0 falchion
 12533 | D:10     | Noticed a +0 spear
 12534 | D:10     | Noticed a +0 spear
 12534 | D:10     | Noticed a +0 dagger
 12537 | D:10     | Noticed a +0 dagger
 12537 | D:10     | Noticed a +0 short sword
 12537 | D:10     | Noticed a +0 falchion
 12542 | D:10     | Found a hide-covered altar of Uskayaw.
 12620 | D:10     | Found a snail-covered altar of Cheibriados.
 12766 | D:10     | Identified the staff of Dezxu {+Blink rPois rN+ Dex-4
                  | Alchemy}
 12858 | D:11     | Gained mutation: Your thick and shaggy fur keeps you warm.
                  | (AC +3, rC+) [Felid growth]
 12858 | D:11     | Reached XP level 12. HP: 73/73 MP: 13/13
 13298 | D:11     | Noticed a two-headed ogre
 13305 | D:11     | Killed a two-headed ogre
 13357 | D:11     | Noticed Erolcha
 13363 | D:11     | Killed Erolcha
 13364 | D:11     | Reached skill level 10 in Fighting
 13868 | Lair:1   | Entered Level 1 of the Lair of Beasts
 13975 | Lair:1   | Got the Secrets of Substances
 14215 | Lair:1   | Reached ****** piety under Wu Jian
 14331 | Lair:1   | Found the +8 whip "Snakebite" {venom, curare, rPois}
 15296 | Lair:2   | Identified the +7 whip "Beastslayer" {freeze, *Corrode rC+
                  | Str+2 Dex+4}
 15320 | Lair:2   | Found a staircase to the Snake Pit.
 15771 | Lair:2   | Reached XP level 13. HP: 80/80 MP: 14/14
 15771 | Lair:2   | Gained a life (1 life remaining)
 16155 | Lair:3   | Mangled by a death yak
 16155 | Lair:3   | Lost a life (0 lives remaining)
 16547 | Lair:3   | Found a staircase to the Shoals.
 17452 | Lair:4   | Reached skill level 15 in Dodging
 17746 | Lair:4   | Found a staircase to the Slime Pits.
 18029 | Lair:4   | Identified a scroll of acquirement
 18037 | Lair:4   | Acquired the ring "Omahyem" {Wiz rElec Will+ MP+9 Dex+2}
 18074 | Lair:5   | Entered Level 5 of the Lair of Beasts
 18090 | Lair:5   | Reached XP level 14. HP: 60/86 MP: 15/15
 18378 | Lair:5   | Reached skill level 15 in Stealth
 19792 | Snake:1  | Entered Level 1 of the Snake Pit
 19822 | Snake:1  | Identified the serpent talisman of Loitroewn {MP-9 Dex+4
                  | SInv Stlth+}
 19822 | Snake:1  | Noticed Aizul
 19852 | Snake:1  | Slain by an anaconda

Illustrated notes

Levels and vault maps discovered:
D:1:      minmay_arrival_solitary_statue, layout_basic, kennysheep_flooded_box
D:2:      layout_basic, shapermc_ecumenical_altar_rom_forum, minivault_25,
          uniq_robin, uniq_jessica, uniq_sigmund, uniq_natasha
D:3:      layout_loops_ring, marbit_many_paths
D:4:      layout_loops_ring
D:5:      layout_cave_pools, lemuel_crystal_altar, uniq_ijyb
D:6:      layout_basic, minmay_temple_entry_butterflies, serial_undead,
          serial_undead_f, serial_undead_a, serial_undead_e, serial_undead_f,
          serial_undead_b, serial_undead_f,
          mainiacjoe_sewer_entry_somewhere_in_here_2, hangedman_decor_points
D:7:      layout_rooms, overflow_temple_1_default
D:8:      layout_cave_pods, mainiacjoe_overflow_boulevard,
          kennysheep_little_box, hellmonk_lair_entry_icy, uniq_erica
D:9:      lemuel_castle_with_subvaults [lemuel_castle_interior_carwin_3],
          layout_irregular_city, uniq_gastronok
D:10:     layout_big_octagon, nicolae_wu_jian_wuxing_cycle, elyvilon_altar_4,
          old_standard_altar, nicolae_uskayaw_en_pointe,
          mainiacjoe_overflow_big_doors, nicolae_custom_books,
          chequers_serial_rivers_micro_e, water_boxes_lemuel
D:11:     layout_grid_maze, uniq_erolcha
Lair:1:   minmay_guarded_unrand_snakebite, layout_cave_pods, grunt_megastairs_5,
          lemuel_fruit_fields
Lair:2:   layout_regular_city, alex1729_snake_entry_snake,
          minmay_shattered_shrine, serial_bayou_shore_b
Lair:3:   layout_roguey, minmay_shoals_entry_lonely_mermaid
Lair:4:   wad_woods_tower, layout_loops_ring, slime_entry_1,
          serial_bayou_shore_b
Lair:5:   evilmike_catoblepas_cave, layout_cave_pods, grunt_megastairs_2
Snake:1:  cheibrodos_toxic_ritual, layout_onion, minmay_shop_star,
          serial_bayou_shore_b, uniq_aizul

Skill      XL: |  1  2  3  4  5  6  7  8  9 10 11 12 13 14 |
---------------+-------------------------------------------+-----
Fighting       | 4 5 6 7 8 9 10 11 12 | 12.5
Dodging        | 5 6 7 8 10 11 12 13 15 | 15.9
Unarmed Combat | 5 6 7 8 9 10 11 12 | 12.8
Stealth        | 3 5 7 9 11 13 14 15 | 15.7
Shapeshifting  | 1 3 4 5 6 7 9 |  9.6

Action                     |  1- 3 |  4- 6 |  7- 9 | 10-12 | 13-15 || total
---------------------------+-------+-------+-------+-------+-------++-------
  Melee: Unarmed           |   110 |   148 |   395 |   576 |   592 ||  1821
         Bite              |     8 |    10 |    47 |    79 |   110 ||   254
         Punch             |     1 |     3 |    21 |    50 |    37 ||   112
 Invoke: Serpent's Lash    |       |       |       |     2 |       ||     2
Ability: Lunge             |       |    11 |    34 |    42 |    25 ||   112
         Whirlwind         |       |       |    12 |    47 |    57 ||   116
         Wall Jump         |       |       |     1 |       |       ||     1
  Evoke: Wand              |       |       |    11 |     6 |     2 ||    19
    Use: Scroll            |       |     1 |     9 |     3 |    13 ||    26
         Potion            |       |       |     4 |       |     3 ||     7
   Stab: Sleeping          |     3 |     4 |    21 |    28 |    20 ||    76
         Distracted        |       |     1 |     3 |     2 |     1 ||     7
 Armour: Skin              |    39 |    54 |   134 |   157 |   164 ||   548
  Dodge: Dodged            |   100 |   156 |   403 |   558 |   556 ||  1773
   Form: Beast             |       |     1 |       |     1 |       ||     2
         Storm             |       |       |       |     1 |       ||     1
         Flux              |       |       |       |       |     1 ||     1
